 Dungeon Crawl Stone Soup version 0.22.1-2-g9c5b331 (webtiles) character file.

48 myga the Skirmisher (level 3, 0/42 HPs)
             Began as an Ogre Abyssal Knight on Dec 20, 2018.
             Was a Follower of Lugonu.
             Slain by an adder (1 damage)
             ... on level 2 of the Dungeon.
             The game lasted 00:06:03 (1230 turns).

myga the Skirmisher (Ogre Abyssal Knight)           Turns: 1230, Time: 00:06:05

Health: 0/42       AC:  3    Str: 15 (16) XL:     3   Next: 72%
Magic:  4/4        EV: 10    Int: 11 (13) God:    Lugonu [*.....]
Gold:   120        SH:  0    Dex:  7 (9)  Spells: 2/2 levels left

rFire    . . .     SeeInvis .     - Unarmed
rCold    . . .     Gourm    .   (no shield)
rNeg     + . .     Faith    .   a - +0 robe
rPois    .         Spirit   .   (helmet restricted)
rElec    .         Reflect  .   (no cloak)
rCorr    .         Harm     .   (gloves unavailable)
MR       .....                  (boots unavailable)
Stlth    +.........             k - amulet of inaccuracy (curse)
HPRegen  0.14/turn              e - ring of positive energy
MPRegen  0.09/turn              (no ring)

@: lethally poisoned (0 -> -9)
A: large, unfitting armour, tough skin 1
a: Depart the Abyss, Renounce Religion


You were on level 2 of the Dungeon.
You worshipped Lugonu.
Lugonu was aware of your devotion.
You were not hungry.

You visited 1 branch of the dungeon, and saw 2 of its levels.
You visited the Abyss 1 time.

You collected 120 gold pieces.

Inventory:

Missiles
 f - 22 arrows
 g - 60 stones (quivered)
Armour
 a - a +0 robe (worn)
 c - a +0 robe
 d - a +0 ring mail
 h - a +0 ring mail
Jewellery
 e - a ring of positive energy (left hand)
 k - a cursed amulet of inaccuracy (around neck)
Scrolls
 m - a scroll of magic mapping
Potions
 j - a potion of degeneration
Comestibles
 b - 4 rations
 i - 3 chunks of flesh


   Skills:
 + Level 5.0 Fighting
 + Level 2.6 Dodging
 + Level 2.3 Unarmed Combat
 + Level 2.0 Invocations


You had 2 spell levels left.
You didn't know any spells.
Your spell library was empty.

Dungeon Overview and Level Annotations

Branches:
Dungeon (2/15)

Altars:


Innate Abilities, Weirdness & Mutations

You are too large for most types of armour.
You have tough skin. (AC +1)


Message History

* * * LOW HITPOINT WARNING * * *
The adder bites you.
* * * LOW HITPOINT WARNING * * *
You are more poisoned.
The adder poisons you!
Okay, then.
You closely miss the giant cockroach.
* * * LOW HITPOINT WARNING * * *
You feel sick.
The giant cockroach bites you but does no damage.
The adder closely misses you.
The giant cockroach bites you but does no damage.
Unknown command.
You hit the giant cockroach.
The giant cockroach is almost dead.
* * * LOW HITPOINT WARNING * * *
You feel sick. The adder misses you.
The giant cockroach bites you but does no damage.
The adder bites you.
You die...

#....#.##..>......#
#####
#....#.##.........#
##....#.##.........#
+....##.##)#######.#
#...###.##.# #####(#
#.......##.# #.....#
#..........# #.#####.#
#...##########.#......
###+## #..wS@s.........
......##.######.#.#####
###......# #..#.#
..!......+............
#####....########.#.#.
#...... .#.# ...#.###.#
# # ....#.. # ......#.#


You could see an adder, a dart slug and a giant cockroach.

Vanquished Creatures
  A worm (D:2)
  2 dart slugs (D:1)
  A leopard gecko (D:1)
  2 bats
  2 giant cockroaches
  7 goblins
  3 hobgoblins (D:1)
  7 jackals (D:1)
  2 kobolds (D:1)
  4 frilled lizards
  3 rats
34 creatures vanquished.

Notes
Turn   | Place    | Note
-------+----------+-------------------------------------------
     0 | Abyss:1  | myga the Ogre Abyssal Knight began the quest for the Orb.
     0 | Abyss:1  | Reached XP level 1. HP: 24/24 MP: 2/2
    15 | Abyss:1  | Found a hide-covered altar of Uskayaw.
    45 | Abyss:1  | Noticed a queen bee
    45 | Abyss:1  | a shapeshifter changed into a queen bee
    56 | Abyss:1  | Noticed a neqoxec
    58 | D:1      | Escaped the Abyss
   117 | D:1      | Reached XP level 2. HP: 16/33 MP: 3/3
   323 | D:1      | Reached * piety under Lugonu
   499 | D:1      | Reached XP level 3. HP: 30/41 MP: 4/4
  1041 | D:2      | Reached skill level 5 in Fighting
  1229 | D:2      | HP: 2/42 [poisoned by an adder]
  1230 | D:2      | Slain by an adder

Skill      XL: |  1  2  3 |
---------------+----------+-----
Unarmed Combat | 2 |  2.3
Fighting       | 5 |  5.0
Dodging        | |  2.6
Invocations    | |  2.0

Action                   || total
-------------------------++-------
Melee: Unarmed           ||   160
       Punch             ||     1
Throw: Stone             ||    12
Invok: Depart the Abyss  ||     1
  Use: Potion            ||     2
       Scroll            ||     1
  Eat: Chunk             ||     1
Armor: Robe              ||    30
Dodge: Dodged            ||    77
